 Dungeon Crawl Stone Soup version 0.30.1-9-gdf580d7c3d (webtiles) character file.

Game seed: 1771887990414782171

1080 Ironcache the Fighter (level 8, -3/68 HPs)
             Began as a Human Gladiator on Oct 4, 2023.
             Was an Initiate of Sif Muna.
             Killed by divine providence
             ... invoked by an orc priest
              (14 damage)
             ... on level 6 of the Dungeon.
             The game lasted 00:21:44 (5270 turns).

Ironcache the Fighter (Human Gladiator)             Turns: 5270, Time: 00:21:45

Health: -3/68      AC:  5    Str: 15    XL:     8   Next: 55%
Magic:  8/13       EV: 13    Int: 10    God:    Sif Muna [......]
Gold:   200        SH:  5    Dex: 15    Spells: 13/14 levels left

rFire   . . .        a - +4 quarterstaff (chaos)
rCold   . . .        (shield currently unavailable)
rNeg    . . .        r - +0 robe
rPois   .            c - +0 helmet
rElec   .            v - +1 cloak
rCorr   .            (no gloves)
SInv    .            (no boots)
Will    .....        w - amulet of reflection
Stlth   +            (no ring)
HPRegen 0.31/turn    (no ring)
MPRegen 0.13/turn

%: reflection
@: no status effects
A: no striking features
a: Renounce Religion


You were on level 6 of the Dungeon.
You worshipped Sif Muna.
Sif Muna was noncommittal.
You visited 1 branch of the dungeon, and saw 6 of its levels.

You collected 200 gold pieces.

Inventory:

Hand Weapons
 a - a +4 quarterstaff of chaos (weapon)
Missiles
 d - 3 throwing nets (quivered)
 e - a javelin
Armour
 c - a +0 helmet (worn)
 g - a +0 leather armour
 h - a +0 leather armour
 i - a +0 chain mail
 r - a +0 robe (worn)
 v - a +1 cloak (worn)
Magical Staves
 b - a staff of conjuration
Jewellery
 w - an amulet of reflection (around neck)
 C - a ring of ice
 F - a ring of poison resistance
Wands
 l - a wand of mindburst (2)
 A - a wand of iceblast (5)
Scrolls
 f - 2 scrolls of teleportation {unknown}
 j - 5 scrolls of vulnerability {unknown}
 k - a scroll of poison {unknown}
 o - 3 scrolls of brand weapon {unknown}
 p - 3 scrolls of fear {unknown}
 q - a scroll of noise {unknown}
 t - 2 scrolls of identify {unknown}
 y - a scroll of enchant armour {unknown}
 B - a scroll of torment {unknown}
Potions
 m - 4 potions of degeneration {unknown}
 n - a potion of lignification {unknown}
 s - a potion of might {unknown}
 u - a potion of brilliance {unknown}
 x - 6 potions of curing {unknown}
 z - a potion of magic {unknown}
 D - a potion of mutation {unknown}
 E - a potion of haste {unknown}


   Skills:
 + Level 8.1 Fighting
 - Level 3.0 Staves
 - Level 2.0 Throwing
 - Level 3.0 Dodging
 + Level 3.9 Spellcasting
 + Level 2.4 Conjurations


You had 13 spell levels left.
You knew the following spells:

 Your Spells              Type           Power      Damage    Failure   Level
a - Foxfire               Conj/Fire      16%        2x1d4     16%         1

Your spell library contained the following spells:

 Spells                   Type           Power      Damage    Failure   Level
 Static Discharge         Conj/Air       8%         2-3/arc   24%         2
 Apportation              Tloc           2%         N/A       26%         1
 Necrotise                Necr           4%         1d4       26%         1
 Summon Small Mammal      Summ           4%         N/A       26%         1
 Passwall                 Tmut/Erth      0%         N/A       36%         2
 Hailstorm                Conj/Ice       4%         3d4       43%         3
 Stone Arrow              Conj/Erth      8%         3d7       43%         3
 Mephitic Cloud           Conj/Pois/Air  3%         N/A       50%         3
 Frozen Ramparts          Ice            2%         1d1       61%         3
 Ozocubu's Armour         Ice            1%         N/A       61%         3
 Ice Form                 Ice/Tmut       1%         N/A       95%         4
 Leda's Liquefaction      Hex/Erth       0%         N/A       95%         4
 Summon Ice Beast         Ice/Summ       1%         N/A       95%         4
 Metabolic Englaciation   Hex/Ice        0%         N/A       100%        5
 Summon Mana Viper        Hex/Summ       1%         N/A       100%        5
 Simulacrum               Ice/Necr       0%         N/A       100%        6
 Monstrous Menagerie      Summ           0%         N/A       100%        7
 Maxwell's Capacitive Co  Air            0%         ∞         100%        8
 Chain Lightning          Conj/Air       2%         3d2       100%        9


Dungeon Overview and Level Annotations

Branches:
Dungeon (6/15)             Temple (0/1) D:5

Altars:
Ashenzari
Nemelex Xobeh
Sif Muna

Shops:
D:3 *


Message History

Beogh smites you! The orc warrior misses you.
You hit the orc warrior but do no damage.
The orc warrior seems to speed up.
The orc warrior is severely wounded.
The orc warrior hits you with a +0 short sword.
The orc warrior closely misses you.
You hit the orc warrior but do no damage.
The orc warrior is severely wounded.
The orc warrior hits you with a +0 short sword!
The orc priest looks satisfied for a moment.
You hit the orc warrior but do no damage.
The orc warrior is severely wounded.
The orc warrior hits you with a +0 short sword.
The orc priest looks encouraged for a moment.
The orc warrior hits you with a +0 short sword.
You hit the orc warrior but do no damage.
The orc warrior suddenly seems more agile.
The orc warrior is severely wounded.
The orc warrior barely misses you. You block the orc's attack.
You block the orc priest's attack.
The orc warrior hits you with a +0 short sword.
You closely miss the orc warrior.
The orc warrior is severely wounded.
The orc priest misses you. The orc hits you with a +0 hand axe.
The orc warrior closely misses you. The orc hits you but does no damage.
The orc priest hits you with a +0 club.
The orc warrior hits you with a +0 short sword!
* * * LOW HITPOINT WARNING * * *
The orc warrior attacks as you move away!
The orc warrior hits you but does no damage.
The orc attacks as you move away! The orc hits you with a +0 hand axe.
* * * LOW HITPOINT WARNING * * *
The orc warrior attacks as you move away!
You block the orc warrior's attack.
The orc warrior attacks as you move away!
The orc warrior hits you with a +0 short sword.
* * * LOW HITPOINT WARNING * * *
The orc priest mumbles some strange prayers to Beogh against you.
Beogh smites you!
You die...

#...## ##...≈.♣
##...###....≈.♣. §≈...
##..##.....≈... §§§.#
#.........≈.♣♣♣♣♣.≈..#
##..<...).≈.......≈..##
##.....>..≈≈§≈§≈.≈≈...#.
#............§..........#
#............#..##.......
####...#######@.#.)......
##...## ##oo#........
#....####..#.........
##...#.....o.........
#.....####..........
##..### ###)....... #.###
#.......# ).. ##....###
..... .....#


You could see an orc warrior (fast, agile), an orc priest and an orc.

Vanquished Creatures
  A tarantella (shapeshifter) (D:5)
  Sigmund (D:2)
  An orc warrior (D:5)
  An ogre (D:5)
  A scorpion (D:5)
  A hound (D:5)
  A jelly (D:4)
  2 orc priests
  Crazy Yiuf (D:3)
  An iguana (D:5)
  Jessica (D:2)
  3 orc wizards (D:5)
  6 adders
  3 worms
  9 dart slugs
  22 orcs
  4 bats
  3 endoplasms
  5 giant cockroaches
  7 goblins
  7 hobgoblins
  14 jackals
  6 quokkas
  9 ball pythons
  6 frilled lizards
  5 kobolds
  4 rats
125 creatures vanquished.

Vanquished Creatures (others)
  An orc (D:5)
  23 foxfires
24 creatures vanquished.

Grand Total: 149 creatures vanquished

Notes
Turn   | Place    | Note
-------+----------+-------------------------------------------
     0 | D:1      | Ironcache the Human Gladiator began the quest for the Orb.
     0 | D:1      | Reached XP level 1. HP: 16/16 MP: 1/1
   194 | D:1      | Reached XP level 2. HP: 20/23 MP: 2/2
   464 | D:1      | Reached skill level 3 in Fighting
   535 | D:1      | Reached XP level 3. HP: 27/29 MP: 3/3
  1135 | D:2      | Noticed Jessica
  1142 | D:2      | Killed Jessica
  1143 | D:2      | Reached skill level 4 in Fighting
  1143 | D:2      | Reached XP level 4. HP: 23/38 MP: 4/4
  1364 | D:2      | Noticed Sigmund
  1441 | D:2      | Killed Sigmund
  1442 | D:2      | Reached skill level 6 in Fighting
  1442 | D:2      | Reached XP level 5. HP: 16/46 MP: 5/5
  1442 | D:2      | Reached XP level 6. HP: 18/52 MP: 6/6
  1956 | D:3      | Got Zuvibog's Book of the Prime Anticline
  2082 | D:3      | Found a runed translucent door.
  2083 | D:3      | Noticed Crazy Yiuf
  2093 | D:3      | Killed Crazy Yiuf
  2276 | D:3      | Found Pogikac's Assorted Antiques.
  2784 | D:4      | Reached skill level 1 in Spellcasting
  2784 | D:4      | Reached skill level 1 in Conjurations
  2784 | D:4      | Reached XP level 7. HP: 56/59 MP: 8/8
  2866 | D:4      | Identified the +0 chain mail "Atellil" {Int+3}
  3323 | D:5      | Entered Level 5 of the Dungeon
  3338 | D:5      | Found a staircase to the Ecumenical Temple.
  3581 | D:5      | Found a runed translucent door.
  3630 | D:5      | Reached skill level 7 in Fighting
  4163 | D:5      | Reached XP level 8. HP: 67/67 MP: 10/12
  4187 | D:5      | Found a shimmering blue altar of Sif Muna.
  4197 | D:5      | Became a worshipper of Sif Muna the Loreminder
  4231 | D:5      | Found a broken altar of Ashenzari.
  4517 | D:5      | Got the Compilation of Inflammable Fumes
  4518 | D:5      | Found a sparkling altar of Nemelex Xobeh.
  4531 | D:5      | an ogre changed into a shapeshifter
  4531 | D:5      | Noticed a shapeshifter (shapeshifter)
  4531 | D:5      | a shapeshifter changed into a tarantella
  4531 | D:5      | Noticed a tarantella (shapeshifter)
  4547 | D:5      | Killed a tarantella
  4810 | D:5      | Identified the +9 dagger of the Building Gods {heavy, rN+
                  | Int+2 Dex+3}
  4911 | D:5      | Learned a level 1 spell: Foxfire
  4925 | D:5      | Reached skill level 8 in Fighting
  5270 | D:6      | Killed from afar by an orc priest

Illustrated notes

Levels and vault maps discovered:
D:1:      shiori_shiawase, layout_loops_corners, minmay_misc_feat_x,
          minmay_misc_feat_rows
D:2:      minmay_evil_eye, layout_rooms, uniq_jessica, uniq_sigmund
D:3:      kennysheep_slugbush, layout_loops_ring, serial_shops, shop,
          uniq_crazy_yiuf_cottage
D:4:      layout_loops_ring
D:5:      layout_loops_cross, nemelex_diamond_rough_becter,
          mainiacjoe_overflow_two_lobes, minmay_temple_entry_slanted,
          lightli_church_of_beogh
D:6:      layout_cave_pods, nicolae_dithmenos_shadow_blocks, old_standard_altar,
          mainiacjoe_overflow_brackets, gammafunk_ghost_arena

Skill      XL: |  1  2  3  4  5  6  7  8 |
---------------+-------------------------+-----
Fighting       | 3 4 6 7 8 |  8.1
Spellcasting   | 1 2 3 |  3.9
Conjurations   | 1 2 |  2.4
Staves         | |  3.0
Throwing       | |  2.0
Dodging        | |  3.0

Action                     |  1- 3 |  4- 6 |  7- 9 || total
---------------------------+-------+-------+-------++-------
  Melee: Quarterstaff      |   106 |   120 |   154 ||   380
   Cast: Foxfire           |       |       |    12 ||    12
   Stab: Confused          |       |       |     1 ||     1
 Armour: Leather armour    |    21 |       |       ||    21
         Chain mail        |    37 |    68 |    49 ||   154
         Robe              |       |       |     2 ||     2
  Dodge: Dodged            |    73 |    59 |    43 ||   175
  Block: Other             |       |     2 |    31 ||    33
         Reflection        |       |       |     1 ||     1
